 Dungeon Crawl Stone Soup version 0.25-a0-561-g0977b4d109 (webtiles) character file.

Game seed: 11180463380429282391, levelgen mode: deterministic

207234 Flugslaktarn the Severer (level 17, -2/162 HPs)
             Began as a Deep Dwarf Fighter on Feb 25, 2020.
             Was the Champion of Makhleb.
             Slain by a tengu reaver
             ... wielding a +2 battleaxe of venom
              (5 damage)
             ... on level 5 of the Vaults.
             The game lasted 00:17:33 (16834 turns).

Flugslaktarn the Severer (Deep Dwarf Fighter)      Turns: 16834, Time: 00:17:33

Health: -2/162     AC: 24    Str: 46    XL:     17   Next: 60%
Magic:  16/16      EV:  8    Int: 13    God:    Makhleb [******]
Gold:   1444       SH: 25    Dex: 18    Spells: 16/16 levels left

rFire    + . .     SeeInvis .   b - +3 broad axe (flame)
rCold    + . .     Gourm    .   N - +0 tower shield
rNeg     + . .     Faith    .   m - +13 chain mail "Gethra" {*Corrode Str+2 Dex+6}
rPois    +         Spirit   .   L - +2 helmet
rElec    +         Reflect  .   g - scarf {rC+ rF+}
rCorr    .         Harm     +   J - +1 pair of gloves
MR       ++...                  (no boots)
Stlth    ..........             I - amulet of Xom's Reproof {Harm *Drain +Blink Str+4}
HPRegen  0.00/turn              K - ring of Meogh {*Contam rElec rPois Str+8 Int+3, =R}
MPRegen  0.15/turn              C - +6 ring of strength

@: lethally poisoned (-2 -> -2), corroded, non-regenerating, slowed, very slow
A: damage resistance, heal wounds, negative energy resistance 1, sense
surroundings 2, no regeneration
}: 2/15 runes: decaying, serpentine
a: Heal Wounds, Minor Destruction, Lesser Servant of Makhleb, Major Destruction,
Greater Servant of Makhleb, Renounce Religion, Evoke Blink


You were on level 5 of the Vaults.
You worshipped Makhleb.
Makhleb was exalted by your worship.
You were hungry.

You visited 6 branches of the dungeon, and saw 32 of its levels.
You also visited: Ossuary and Volcano.

You collected 1444 gold pieces.

Inventory:

Hand Weapons
 a - the +7 war axe "Nymoecs" {vorpal, Str+4}
   (You acquired it on level 3 of the Lair of Beasts)

   It inflicts extra damage upon your enemies.
   It affects your strength (+4).
 b - a +3 broad axe of flaming (weapon)
   (You took it off a red draconian in a volcano)
Missiles
 Y - 320 bolts
Armour
 g - a scarf of resistance (worn)
   (You found it on level 1 of the Dungeon)
 m - the +13 chain mail "Gethra" (worn) {*Corrode Str+2 Dex+6}
   (You found it on level 3 of the Vaults)

   It affects your strength (+2).
   It affects your dexterity (+6).
   It may corrode you when you take damage.
   If you remove this armour, your AC will decrease by 25 (24 -> -1).
 D - the +1 plate armour of Gax Sura {rCorr}
   (You found it on level 6 of the Dungeon)

   It provides partial protection from all sources of acid and corrosion.
   If you switch to wearing this armour, your AC will decrease by 8 (24 -> 16).
 J - a +1 pair of gloves (worn)
   (You found it on level 8 of the Dungeon)
 L - a +2 helmet (worn)
   (You took it off Robin on level 3 of the Dungeon)
 N - a +0 tower shield (worn)
   (You took it off a vault guard on level 14 of the Dungeon)
 W - a +0 cloak of fire resistance
   (You found it in a volcano)
 X - a +2 plate armour of fire resistance
   (You found it in a volcano)
Jewellery
 c - an uncursed ring of protection from cold
   (You found it on level 12 of the Dungeon)
 f - an uncursed ring of protection from fire
   (You found it on level 5 of the Dungeon)
 i - an uncursed ring of see invisible
   (You found it on level 4 of the Lair of Beasts)
 p - a +3 ring of protection
   (You found it on level 1 of the Lair of Beasts)
 C - a +6 ring of strength (right hand)
   (You found it on level 2 of the Snake Pit)
 E - an uncursed ring of protection from fire
   (You found it on level 2 of the Dungeon)
 I - the amulet of Xom's Reproof (around neck) {Harm *Drain +Blink Str+4}
   (You found it on level 12 of the Dungeon)

   [amulet of harm]

   It increases damage dealt and taken.
   It affects your strength (+4).
   It lets you blink.
   It causes draining when unequipped.
 K - the ring of Meogh (left hand) {*Contam rElec rPois Str+8 Int+3, =R}
   (You acquired it on level 3 of the Lair of Beasts)

   [ring of intelligence]

   It affects your strength (+8).
   It affects your intelligence (+3).
   It insulates you from electricity.
   It protects you from poison.
   It causes magical contamination when unequipped.
Wands
 s - a wand of enslavement (21)
   (You found it on level 6 of the Dungeon)
 v - a wand of digging (4)
   (You found it on level 13 of the Dungeon)
 M - a wand of acid (1)
   (You found it on level 9 of the Dungeon)
 Q - a wand of iceblast (21)
   (You found it on level 2 of the Lair of Beasts)
Scrolls
 j - 8 scrolls of fear
 o - a scroll of summoning
 r - a scroll of identify
 t - 4 scrolls of teleportation
 x - 5 scrolls of magic mapping
 y - a scroll of immolation
 z - 5 scrolls of blinking
 A - 4 scrolls of enchant armour
 B - a scroll of vulnerability
 F - 2 scrolls of fog
 T - 9 scrolls of remove curse
Potions
 d - 6 potions of might
 h - a potion of haste
 l - 5 potions of flight
 n - 2 potions of resistance
 q - 5 potions of curing
 u - 3 potions of berserk rage
 w - 5 potions of heal wounds
 G - a potion of magic
 H - 2 potions of brilliance
 O - 2 potions of mutation
 P - 2 potions of stabbing
 S - 3 potions of lignification
 U - 4 potions of ambrosia
 Z - a potion of invisibility {unknown}
Comestibles
 e - 37 rations
 k - 18 chunks of flesh


   Skills:
 + Level 12.8 Fighting
 * Level 19.7 Axes
 + Level 14.8 Armour
 + Level 14.8 Shields
 + Level 15.0 Invocations


You had 16 spell levels left.
You didn't know any spells.
Your spell library was empty.

Dungeon Overview and Level Annotations

Branches:
Dungeon (14/15)            Temple (1/1) D:5            Lair (4/6) D:8
  Swamp (4/4) Lair:4        Snake (4/4) Lair:4       Vaults (5/5) D:14
  Crypt (0/3) Vaults:3    Ossuary (visited)         Volcano (visited)
    Orc: D:9-12

Altars:
Ashenzari
Cheibriados
Dithmenos
Elyvilon
Fedhas
Gozag
Hepliaklqana
Kikubaaqudgha
Makhleb
Nemelex Xobeh
Okawaru
Qazlal
Ru
Sif Muna
Trog
Uskayaw
Vehumet
Wu Jian
Xom
Yredelemnul
Zin
The Shining One
Beogh
Jiyva

Shops:
D:6 [   D:12 %(:   Snake:1 }(

Annotations:
D:8 2 transporters, 3 runed translucent doors, Wiebster667's ghost, novice DgHu
Lair:3 1 runed translucent door
Vaults:1 8 runed translucent doors, Wakhat's ghost, adept MiFi
Vaults:5 Mara


Innate Abilities, Weirdness & Mutations

You are resistant to damage.
You can heal yourself by infusing magical energy.
You resist negative energy. (rN+)
You passively map the area around you.
You do not regenerate.


Message History

The barrage of energy hits you but does no damage.
You block the stone giant's attack.
You are too injured to fight recklessly!
You are too injured to fight recklessly!
You are too injured to fight recklessly!
You are too injured to fight recklessly!
You are too injured to fight recklessly!
You feel much better.
The sentinel's mark upon you fades away.
The tengu reaver gestures at you while chanting.
The bolt of acid hits you!!
* * * LOW HITPOINT WARNING * * *
Your corrosive artefact corrodes you!
The acid corrodes you!
You are splashed with acid!
* * * LOW HITPOINT WARNING * * *
The battlesphere fires!
The barrage of energy hits you!!
* * * LOW HITPOINT WARNING * * *
You block the stone giant's attack. You block the tengu reaver's attack. x2
The tengu reaver claws you.
You die...

*,... ,, , ,
, ...## * **
* ** * *
.....# ,, ,
, , , ,
#..$.# ,, ,
, ,#.....##
, , ,
*#.....##,,,
, , , ,
#.....##,, ,
, *, *,
#...C.## ,,
,,
*,,##...@Q#*
, ##..)..# ,
, , , ,
,##.....# *
,, * ,
,##..*..# ,
, , ##.....#
, , , ,,
*#.....# , ,
,, *#..... ,
*,, , *#....
, * ** , ,


You could see a stone giant, a tengu reaver and a battlesphere.

Vanquished Creatures
  the Lernaean hydra (Swamp:4)
  Nikola (Swamp:3)
  A tentacled monstrosity (Vaults:5)
  A titan (Vaults:5)
  A thorn hunter (Swamp:4)
  An ancient champion (Vaults:3)
  2 sphinxes (Vaults:5)
  A shadow dragon (Vaults:5)
  2 storm dragons (Vaults:5)
  A revenant (Vaults:3)
  6 nagarajas (Snake:4)
  A deep elf elementalist (Vaults:5)
  A fire giant (Vaults:5)
  3 vault wardens
  An iron dragon (Vaults:5)
  2 stone giants
  3 ironheart preservers
  A red draconian (Volcano)
  4 ettins
  A crystal guardian (Vaults:4)
  2 yaktaur captains
  A deep elf high priest (Vaults:5)
  11 hydras
  5 naga warriors (Snake:4)
  An ice dragon (Vaults:2)
  A ghost crab (Swamp:1)
  6 vault guards
  3 centaur warriors
  A shambling mangrove (Swamp:4)
  4 anacondas
  7 two-headed ogres
  A death knight (D:10)
  2 alligators
  9 naga sharpshooters
  An ogre mage (Volcano)
  A vampire mage (Vaults:3)
  5 shock serpents
  5 slime creatures
  3 salamander mystics
  9 deep trolls
  4 unseen horrors
  7 swamp dragons (Swamp:4)
  9 naga ritualists
  4 orc knights
  A deep elf mage (D:12)
  A deep elf archer (Vaults:5)
  14 ugly things
  A necromancer (Vaults:5)
  12 mana vipers
  2 orc sorcerers
  A cyclops (Vaults:2)
  11 salamanders
  A wolf spider (Vaults:3)
  A guardian serpent (Snake:4)
  2 centaur zombies (D:12)
  A fire giant skeleton (Vaults:5)
  3 vault sentinels
  33 black mambas
  11 spiny frogs
  18 naga magi
  A kobold demonologist (D:9)
  A freezing wraith (D:10)
  3 komodo dragons
  A rime drake (Lair:3)
  A human zombie (Vaults:5)
  16 yaktaurs
  A tengu conjurer (D:14)
  5 trolls
  A queen bee (shapeshifter) (Vaults:4)
  A tengu simulacrum (Vaults:5)
  A polar bear (Lair:4)
  3 tyrant leeches
  5 blink frogs
  5 hippogriffs
  2 hornets (Swamp:4)
  10 bog bodies
  A shadow (Swamp:1)
  A tarantella (shapeshifter) (Vaults:3)
  2 spriggans
  5 wraiths
  32 yaks
  Sigmund (D:3)
  A yak (shapeshifter) (Vaults:1)
  A vampire (D:12)
  A wyvern (D:12)
  4 basilisks
  2 humans (D:14)
  A fire bat (Lair:2)
  5 hungry ghosts
  4 insubstantial wisps (Swamp:4)
  2 vampire mosquitoes (D:12)
  5 swamp worms
  A warg (Vaults:4)
  An acid dragon (Vaults:2)
  A floating eye (shapeshifter) (Vaults:5)
  20 nagas
  15 water moccasins
  A hornet zombie (D:8)
  A black bear (Lair:4)
  4 porcupines
  10 swamp drakes
  6 orc warriors
  3 ice beasts
  3 sky beasts
  A necrophage (D:7)
  7 ogres
  13 wolves
  A phantom (D:6)
  13 centaurs
  9 crocodiles
  4 big kobolds
  16 bullfrogs
  A water moccasin zombie (D:7)
  A gnoll sergeant (D:7)
  2 wyvern skeletons
  7 scorpions
  6 killer bees
  2 howler monkeys
  4 wights (D:12)
  An electric eel (D:12)
  4 crimson imps
  3 bullfrog zombies
  3 jellies
  A quasit (D:8)
  3 bullfrog skeletons
  6 centaur skeletons
  15 orc wizards
  6 orc priests
  A hound (D:8)
  3 iguanas
  6 worker ants
  A hound zombie (D:6)
  2 hound skeletons
  Robin (D:3)
  A howler monkey zombie (D:6)
  3 mummies (Ossuary)
  9 gnolls
  25 adders
  A howler monkey skeleton (D:7)
  5 shadow imps
  2 oozes
  An adder zombie (Ossuary)
  An adder skeleton (D:4)
  5 dart slugs
  3 worms
  7 leopard geckos
  48 orcs
  4 giant cockroaches
  14 goblins
  18 hobgoblins
  15 jackals
  36 kobolds
  5 quokkas
  2 ball pythons
  7 bats
  4 frilled lizards (D:4)
  3 goblin zombies (Ossuary)
  A hobgoblin zombie (Ossuary)
  A jackal zombie (D:6)
  10 kobold skeletons (D:9)
  13 kobold zombies
  A leopard gecko skeleton (D:4)
  A quokka skeleton (D:6)
  4 quokka zombies (Ossuary)
  15 rats
  4 rat zombies (Ossuary)
853 creatures vanquished.

Vanquished Creatures (collateral kills)
  A hydra (Lair:2)
  Sonja (Lair:4)
  A komodo dragon (Lair:2)
  2 fire bats (Lair:2)
  A yak (Lair:4)
6 creatures vanquished.

Vanquished Creatures (others)
  A two-headed ogre (Volcano)
  A naga sharpshooter (Snake:4)
  A salamander (Snake:3)
  A blink frog (Swamp:3)
  A swamp worm (Swamp:3)
  An orc wizard (D:7)
  A bat (D:2)
  A hobgoblin (D:3)
  4 fungi
  6 plants
18 creatures vanquished.

Grand Total: 877 creatures vanquished

Notes
Turn   | Place    | Note
-------+----------+-------------------------------------------
     0 | D:1      | Flugslaktarn the Deep Dwarf Fighter began the quest for the
                  | Orb.
     0 | D:1      | Reached XP level 1. HP: 20/20 MP: 1/1
    46 | D:1      | Reached XP level 2. HP: 27/27 MP: 2/2
   190 | D:2      | Reached skill level 3 in Axes
   192 | D:2      | Reached XP level 3. HP: 24/33 MP: 3/3
   323 | D:3      | Found a faded altar of an unknown god.
   387 | D:3      | Noticed a moth of wrath
   407 | D:3      | Found a stormy altar of Qazlal.
   421 | D:3      | Noticed Robin
   426 | D:3      | Noticed Sigmund
   443 | D:3      | Killed Robin
   443 | D:3      | Reached XP level 4. HP: 37/42 MP: 4/4
   464 | D:3      | Killed Sigmund
   464 | D:3      | Reached skill level 4 in Axes
   464 | D:3      | Reached XP level 5. HP: 30/49 MP: 5/5
   726 | D:3      | Reached XP level 6. HP: 25/56 MP: 6/6
   808 | D:4      | Reached skill level 5 in Axes
   986 | D:4      | Found an iron altar of Okawaru.
  1573 | D:5      | Entered Level 5 of the Dungeon
  1587 | D:5      | Reached XP level 7. HP: 28/64 MP: 6/6
  1681 | D:5      | Reached skill level 5 in Shields
  1684 | D:5      | Reached skill level 5 in Armour
  1716 | D:5      | Found a staircase to the Ecumenical Temple.
  1786 | D:5      | Reached skill level 6 in Axes
  1832 | Temple   | Entered the Ecumenical Temple
  2067 | D:5      | Found a sand-covered staircase.
  2079 | D:5      | Found a hide-covered altar of Uskayaw.
  2094 | Ossuary  | Entered an ossuary
  2450 | D:6      | Reached XP level 8. HP: 27/73 MP: 3/3
  2487 | D:6      | Reached skill level 7 in Axes
  2539 | D:6      | Found a blossoming altar of Fedhas.
  2579 | D:6      | Found Qeintixa's Armour Shop.
  2635 | D:6      | Reached skill level 5 in Fighting
  2809 | D:6      | Got a transparent plate armour
  2820 | D:6      | Identified the +1 plate armour of Gax Sura {rCorr} (You
                  | found it on level 6 of the Dungeon)
  3004 | D:7      | Reached skill level 8 in Axes
  3034 | D:7      | Gained mutation: You passively map the area around you.
                  | [Deep Dwarf growth]
  3034 | D:7      | Reached XP level 9. HP: 49/81 MP: 4/4
  3306 | D:7      | Reached skill level 9 in Axes
  3330 | D:7      | Found a hide-covered altar of Uskayaw.
  3973 | D:3      | Found a bloodstained altar of Trog.
  5013 | D:1      | You fall into a shaft and drop 1 floor!
  5113 | D:8      | Found a roughly hewn altar of Beogh.
  5113 | D:8      | Found a transporter.
  5239 | D:8      | Found a transporter.
  5334 | D:8      | Found a staircase to the Lair.
  5415 | D:8      | Noticed a two-headed ogre
  5431 | D:8      | Killed a two-headed ogre
  5431 | D:8      | Reached skill level 10 in Axes
  5431 | D:8      | Reached XP level 10. HP: 63/92 MP: 2/2
  5550 | D:8      | Found a runed translucent gate.
  5550 | D:8      | Found a runed translucent gate.
  5550 | D:8      | Found a runed translucent gate.
  5552 | D:8      | Found a viscous altar of Jiyva.
  5552 | D:8      | Noticed Wiebster667's ghost (novice DgHu)
  5582 | D:8      | Found a basalt altar of Yredelemnul.
  5721 | D:8      | Found a sparkling altar of Nemelex Xobeh.
  5872 | D:8      | Found an opulent altar of Gozag.
  5962 | D:8      | Found an ancient bone altar of Kikubaaqudgha.
  5963 | D:8      | Found a shadowy altar of Dithmenos.
  6025 | D:8      | Found a burning altar of Makhleb.
  6078 | D:8      | Became a worshipper of Makhleb the Destroyer
  6340 | D:9      | Reached skill level 1 in Invocations
  6501 | D:9      | Reached * piety under Makhleb
  6672 | D:9      | Reached skill level 11 in Axes
  7003 | D:9      | Found an ancient bone altar of Kikubaaqudgha.
  7007 | D:9      | Reached ** piety under Makhleb
  7187 | Lair:1   | Entered Level 1 of the Lair of Beasts
  7187 | Lair:1   | Noticed a spiny frog
  7220 | Lair:1   | Killed a spiny frog
  7220 | Lair:1   | Reached XP level 11. HP: 98/100 MP: 4/6
  7380 | Lair:1   | Noticed a seven-headed hydra
  7397 | Lair:1   | Killed a ten-headed hydra
  7483 | Lair:1   | Reached *** piety under Makhleb
  7537 | Lair:1   | Noticed a five-headed hydra
  7548 | Lair:1   | Killed a five-headed hydra
  7548 | Lair:1   | Reached skill level 12 in Axes
  7555 | Lair:1   | Reached skill level 5 in Invocations
  8421 | Lair:2   | Noticed a four-headed hydra
  8434 | Lair:2   | Killed a five-headed hydra
  8482 | Lair:2   | Found a dark tunnel.
  8491 | Volcano  | Entered a volcano
  8509 | Volcano  | Noticed an ogre mage
  8512 | Volcano  | Found a bloodstained altar of Trog.
  8514 | Volcano  | Noticed a two-headed ogre
  8521 | Volcano  | Noticed a two-headed ogre
  8534 | Volcano  | Noticed a two-headed ogre
  8535 | Volcano  | Noticed a red draconian
  8542 | Volcano  | Killed a two-headed ogre
  8550 | Volcano  | Killed a two-headed ogre
  8563 | Volcano  | Killed a two-headed ogre
  8577 | Volcano  | Killed an ogre mage
  8634 | Volcano  | Killed a red draconian
  8634 | Volcano  | Reached skill level 13 in Axes
  8634 | Volcano  | Reached XP level 12. HP: 81/112 MP: 4/6
  8661 | Volcano  | Noticed a two-headed ogre
  8661 | Volcano  | Noticed a two-headed ogre
  8661 | Volcano  | Noticed a two-headed ogre
  8669 | Volcano  | Killed a two-headed ogre
  8669 | Volcano  | Reached skill level 10 in Armour
  8671 | Volcano  | Killed a two-headed ogre
  8671 | Volcano  | Reached skill level 10 in Shields
  8679 | Volcano  | Killed a two-headed ogre
  9194 | Lair:3   | Identified 2 scrolls of acquirement
  9194 | Lair:3   | Identified the ring of Meogh {*Contam rElec rPois Str+8
                  | Int+3} (You acquired it on level 3 of the Lair of Beasts)
  9194 | Lair:3   | Identified the +7 war axe "Zoopor" {venom, Fragile MP+9
                  | Str+7 SInv} (You acquired it on level 3 of the Lair of
                  | Beasts)
  9195 | Lair:3   | Identified the +7 war axe "Nymoecs" {vorpal, Str+4} (You
                  | acquired it on level 3 of the Lair of Beasts)
  9601 | Lair:3   | Reached **** piety under Makhleb
  9713 | Lair:3   | Found a runed translucent door.
 10410 | Lair:4   | Found a staircase to the Swamp.
 10439 | Lair:4   | Noticed Sonja
 10448 | Lair:4   | Killed Sonja
 10448 | Lair:4   | Reached skill level 14 in Axes
 10526 | Lair:4   | Found a staircase to the Snake Pit.
 10869 | Lair:4   | Reached XP level 13. HP: 121/121 MP: 8/8
 11028 | Snake:1  | Entered Level 1 of the Snake Pit
 11132 | Snake:1  | Found Foitz's Antique Weapon Emporium.
 11132 | Snake:1  | Found Qocaph's Gadget Shoppe.
 11350 | Snake:3  | Reached skill level 15 in Axes
 11475 | Snake:3  | Reached skill level 10 in Invocations
 11597 | Snake:3  | Reached ***** piety under Makhleb
 11602 | Snake:3  | Reached skill level 10 in Fighting
 11766 | Snake:3  | Gained mutation: You resist negative energy. (rN+) [Deep
                  | Dwarf growth]
 11766 | Snake:3  | Reached XP level 14. HP: 104/132 MP: 10/10
 11925 | Snake:4  | Entered Level 4 of the Snake Pit
 12129 | Snake:4  | Noticed a nagaraja
 12129 | Snake:4  | Noticed a nagaraja
 12132 | Snake:4  | Noticed a cacodemon
 12162 | Snake:4  | Reached skill level 16 in Axes
 12943 | Snake:4  | Killed a nagaraja
 12951 | Snake:4  | Noticed a nagaraja
 12957 | Snake:4  | Noticed a nagaraja
 12975 | Snake:4  | Noticed a nagaraja
 12977 | Snake:4  | Killed a nagaraja
 12984 | Snake:4  | Killed a nagaraja
 12994 | Snake:4  | Reached XP level 15. HP: 117/140 MP: 12/12
 12997 | Snake:4  | Noticed a nagaraja
 12999 | Snake:4  | Killed a nagaraja
 13001 | Snake:4  | Killed a nagaraja
 13013 | Snake:4  | Reached skill level 17 in Axes
 13021 | Snake:4  | Killed a nagaraja
 13066 | Snake:4  | Got a serpentine rune of Zot
 13193 | Swamp:1  | Entered Level 1 of the Swamp
 13428 | Swamp:3  | Noticed Nikola
 13471 | Swamp:3  | Killed Nikola
 13535 | Swamp:4  | Entered Level 4 of the Swamp
 13642 | Swamp:4  | Noticed a thorn hunter
 13667 | Swamp:4  | Reached ****** piety under Makhleb
 13676 | Swamp:4  | Killed a thorn hunter
 13785 | Swamp:4  | Noticed the 27-headed Lernaean hydra
 13794 | Swamp:4  | Killed the 20-headed Lernaean hydra
 13798 | Swamp:4  | Got a decaying rune of Zot
 13886 | Swamp:1  | Reached XP level 16. HP: 114/152 MP: 13/13
 14094 | D:10     | Entered Level 10 of the Dungeon
 14112 | D:10     | Reached skill level 18 in Axes
 14420 | D:12     | Found Nodghot's Weapon Boutique.
 14518 | D:12     | Found Kuqucig's Food Shop.
 14687 | D:12     | Got a warped steel amulet
 14699 | D:12     | Identified the amulet of Xom's Reproof {Harm *Drain +Blink
                  | Str+4} (You found it on level 12 of the Dungeon)
 14713 | D:12     | Found Deluce's Book Emporium.
 16116 | D:14     | Found a gate to the Vaults.
 16164 | Vaults:1 | Entered Level 1 of the Vaults
 16211 | Vaults:1 | Found a large runed translucent door.
 16211 | Vaults:1 | Found a large runed translucent door.
 16211 | Vaults:1 | Found a large runed translucent door.
 16211 | Vaults:1 | Found a large runed translucent door.
 16211 | Vaults:1 | Found a large runed translucent door.
 16211 | Vaults:1 | Found a large runed translucent door.
 16211 | Vaults:1 | Noticed Wakhat's ghost (adept MiFi)
 16212 | Vaults:1 | Found a large runed translucent door.
 16212 | Vaults:1 | Found a large runed translucent door.
 16425 | Vaults:3 | Reached skill level 19 in Axes
 16513 | Vaults:3 | Found a staircase to the Crypt.
 16513 | Vaults:3 | Noticed an ancient champion
 16525 | Vaults:3 | Killed an ancient champion
 16555 | Vaults:3 | Got a dazzling chain mail
 16556 | Vaults:3 | Identified the +13 chain mail "Gethra" {*Corrode Str+2
                  | Dex+6} (You found it on level 3 of the Vaults)
 16615 | Vaults:3 | Reached XP level 17. HP: 162/162 MP: 15/15
 16763 | Vaults:5 | Entered Level 5 of the Vaults
 16763 | Vaults:5 | Noticed Mara
 16769 | Vaults:5 | Noticed a titan
 16774 | Vaults:5 | Noticed a tentacled monstrosity
 16776 | Vaults:5 | Killed a titan
 16777 | Vaults:5 | Killed a tentacled monstrosity
 16809 | Vaults:5 | Noticed a titan
 16819 | Vaults:5 | Noticed Flugslaktarn's illusion
 16819 | Vaults:5 | Reached skill level 15 in Invocations
 16834 | Vaults:5 | HP: 3/162 [battlesphere[a tengu reaver] (29)]
 16834 | Vaults:5 | Slain by a tengu reaver

Levels and vault maps discovered:
D:1:      dpeg_arrival_court, layout_basic
D:2:      layout_basic, st_stairs_8, lemuel_old_faithful
D:3:      layout_basic, grunt_qazlal_clouds, chequers_ecumenical_altar_grove,
          grunt_ministairs_6, tgw_trog, uniq_robin, uniq_sigmund
D:4:      layout_cave_pools, overflow_temple_1_default, serial_column_ruins,
          column_ruins_hut, column_ruins_hut, column_ruins_columns_plus,
          column_ruins_corridor_dead_end, column_ruins_open_medium,
          column_ruins_grid_1, first_ration, st_stairs_9,
          nicolae_zen_rock_garden
D:5:      layout_basic, temple_green, enter_ossuary_2, lemuel_statue_altar
D:6:      layout_rooms, fedhas_ov_isle_minmay, serial_shops, shop
D:7:      layout_cave_pools, overflow_temple_1_default, the_bakery,
          serial_bayou_pond_e
D:8:      gammafunk_beogh_shrine, layout_basic, gammafunk_temple_overflow_pools,
          makhleb_heckhound_becter, marbit_many_paths, lair_entry_dummy,
          basic_altar, gammafunk_ghost_ooze, yredelemnul_altar_generic
D:9:      wander_kiku_kobolds, layout_irregular_city
D:10:     layout_cross, erik_orc_1
D:11:     layout_loops_ring, serial_rivers, chequers_serial_rivers_room_a,
          chequers_serial_rivers_marsh, chequers_serial_rivers_room_a,
          chequers_serial_rivers_micro_b, kennysheep_donut, bh_walls_and_bars
D:12:     layout_basic, serial_shops, nicolae_shop_trees, shop, shop,
          kennysheep_potato
D:13:     layout_basic, grunt_decor_mini_mirrors
D:14:     layout_loops_cross, grunt_vaults_entry_fortified,
          chequers_serial_rivers_micro_a, uniq_louise
Temple:   eino_temple_lava
Lair:1:   layout_small_grid
Lair:2:   layout_long_grid, nicolae_volcano_entry_batcave, grunt_megastairs_3
Lair:3:   gammafunk_mikee_crab_dinner, layout_layer_cave
Lair:4:   layout_long_grid, swamp_mist_pool, minmay_snake_entry_six_corridors,
          grunt_forest_stairs_clearing, uniq_sonja
Swamp:1:  layout_falls_marsh, ebering_ghost_inner_flame, serial_swamp_ruin,
          hangedman_swamp_ruin_wall, evilmike_swamp_ruin_rubble_2,
          evilmike_swamp_ruin_house_2
Swamp:2:  layout_falls_marsh, evilmike_swamp_ruin_house_1
Swamp:3:  layout_basic_swamp, infiniplex_staircase_pool, uniq_nikola
Swamp:4:  grunt_swamp_rune_castle, layout_basic_swamp, swamp_pool1,
          nicolae_swamp_spriggan_camp
Snake:1:  onia_ninara_swampy_vault, layout_onion, lemuel_fruit_tree,
          minmay_shoptagon
Snake:2:  layout_honeycomb, serial_shops, shop_fountains
Snake:3:  cheibrodos_snake_ritualist_ritual, layout_gridlike, grunt_ministairs_5
Snake:4:  snake_pit, layout_chambers
Vaults:1: advil_vaults_ghost_lines, nicolae_vaults_big_angled_halls,
          hangedman_vaults_cutoff, nicolae_vaults_c_with_doors, v_misc_5,
          v_misc_24, hangedman_vaults_snaps, ontoclasm_vaults_chip,
          hangedman_vaults_maws, layout_vaults_omnigrid
Vaults:2: v_rooms_5, nicolae_vaults_triangles, ontoclasm_vaults_tryst,
          dpeg_vaults_monster_row, vaults_room_glass_cross, v_rooms_1,
          nicolae_vaults_little_ls, hangedman_vaults_restitches,
          nicolae_vaults_little_squares_3, layout_vaults_maze_snakey,
          serial_shops, bzr_entry_road, uniq_asterion
Vaults:3: hangedman_vaults_slice, v_alt_pattern_2,
          minmay_crypt_entry_simple_corners, v_misc_16, ontoclasm_vaults_eye,
          nicolae_vaults_lopsided_apartments, v_misc_16, vaults_dpeg_spiral,
          vaults_dpeg_ring, layout_vaults_omnicross, serial_shops, shop
Vaults:4: nicolae_vaults_little_squares_1, st_eye, nicolae_vaults_theta,
          nicolae_vaults_ninety_degrees, hangedman_vaults_slice,
          ontoclasm_vaults_twist, v_alt_pattern_4, v_alt_pattern_1,
          nicolae_vaults_alarming, layout_vaults_big_room
Vaults:5: uniq_mara

Skill      XL: |  1  2  3  4  5  6  7  8  9 10 11 12 13 14 15 16 17 |
---------------+----------------------------------------------------+-----
Axes           | 3 4 5 6 8 10 11 13 14 15 16 17 19 | 19.7
Fighting       | 3 4 5 6 7 8 9 10 11 12 | 12.8
Armour         | 4 5 6 7 8 9 10 11 12 13 14 | 14.8
Shields        | 4 5 6 7 8 9 10 11 12 13 14 | 14.8
Invocations    | 4 6 8 10 11 13 14 15 | 15.0

Action                   |  1- 3 |  4- 6 |  7- 9 | 10-12 | 13-15 | 16-18 || total
-------------------------+-------+-------+-------+-------+-------+-------++-------
Melee: War axe           |   127 |   141 |   549 |   360 |   493 |       ||  1670
       Hand axe          |       |       |       |   589 |       |       ||   589
       Broad axe         |       |       |       |    34 |   255 |   523 ||   812
Invok: Lesser Servant of |       |       |       |     5 |     2 |       ||     7
       Greater Servant o |       |       |       |       |     2 |       ||     2
 Abil: Heal Wounds       |     1 |     1 |    24 |    15 |     6 |     1 ||    48
Evoke: Wand              |       |       |       |    12 |     1 |       ||    13
  Use: Scroll            |       |     5 |     4 |    15 |     8 |     5 ||    37
       Potion            |       |       |     2 |       |     3 |     3 ||     8
 Stab: Distracted        |       |       |       |     1 |       |       ||     1
  Eat: Chunk             |       |     2 |    16 |    16 |     7 |    11 ||    52
       Ration            |       |       |       |     1 |     2 |     1 ||     4
Armor: Scale mail        |    72 |     4 |       |       |       |       ||    76
       Chain mail        |       |    85 |    74 |       |       |    82 ||   241
       Plate armour      |       |       |   276 |   503 |   509 |   157 ||  1445
Dodge: Dodged            |    32 |    41 |   115 |   197 |   223 |   100 ||   708
Block: Kite shield       |    77 |    76 |   314 |   539 |   604 |   195 ||  1805
       Tower shield      |       |       |       |       |       |   281 ||   281

Table legend:
 A = Non-vault XP
 B = Vault XP
 C = Vault XP percentage of total XP
 D = Non-vault monster count
 E = Vault monster count
 F = Vault count percentage of total count
                 A         B        C        D         E       F
            +---------+---------+-------+---------+---------+-------
      Total |  137699 |  122888 |  47.2 |     603 |     260 |  30.1
            +---------+---------+-------+---------+---------+-------
        D:1 |      46 |       0 |   0.0 |      25 |       0 |   0.0
        D:2 |     115 |       4 |   3.4 |      31 |       2 |   6.1
        D:3 |     139 |     265 |  65.6 |      28 |      20 |  41.7
        D:4 |     302 |       1 |   0.3 |      11 |       1 |   8.3
        D:5 |     414 |       0 |   0.0 |      13 |       0 |   0.0
        D:6 |    1105 |       0 |   0.0 |      26 |       0 |   0.0
        D:7 |    1314 |     220 |  14.3 |      32 |       1 |   3.0
        D:8 |    2412 |      53 |   2.2 |      24 |       2 |   7.7
        D:9 |    3044 |     757 |  19.9 |      40 |      52 |  56.5
       D:10 |    2086 |       0 |   0.0 |       7 |       0 |   0.0
       D:11 |    1991 |       0 |   0.0 |       9 |       0 |   0.0
       D:12 |    6627 |    1473 |  18.2 |      38 |       3 |   7.3
       D:13 |    8875 |       0 |   0.0 |      41 |       0 |   0.0
       D:14 |    2984 |    6540 |  68.7 |      11 |      10 |  47.6
     Lair:1 |    4878 |       0 |   0.0 |      18 |       0 |   0.0
     Lair:2 |    2498 |    1011 |  28.8 |      14 |       5 |  26.3
     Lair:3 |    4891 |       0 |   0.0 |      27 |       0 |   0.0
     Lair:4 |    4195 |    3792 |  47.5 |      19 |      21 |  52.5
    Swamp:1 |    3165 |       0 |   0.0 |       9 |       0 |   0.0
    Swamp:2 |    1790 |       0 |   0.0 |       6 |       0 |   0.0
    Swamp:3 |    1404 |    3791 |  73.0 |       3 |       1 |  25.0
    Swamp:4 |    5004 |   21982 |  81.5 |      12 |      33 |  73.3
    Snake:1 |    6972 |       0 |   0.0 |      15 |       0 |   0.0
    Snake:2 |    5270 |       0 |   0.0 |      10 |       0 |   0.0
    Snake:3 |   24179 |    3391 |  12.3 |      45 |       6 |  11.8
    Snake:4 |   10084 |   28138 |  73.6 |      18 |      40 |  69.0
   Vaults:1 |    1856 |    5458 |  74.6 |       4 |       8 |  66.7
   Vaults:2 |    4622 |       0 |   0.0 |       9 |       0 |   0.0
   Vaults:3 |   17295 |    5094 |  22.8 |      32 |       4 |  11.1
   Vaults:4 |    5874 |       0 |   0.0 |      21 |       0 |   0.0
   Vaults:5 |    2268 |   34094 |  93.8 |       5 |      22 |  81.5
    Ossuary |       0 |      75 | 100.0 |       0 |      21 | 100.0
    Volcano |       0 |    6749 | 100.0 |       0 |       8 | 100.0
            +---------+---------+-------+---------+---------+-------
